Map: [ESL] Site Delta

Players

Solar

  • Race: Zerg Zerg
  • Spawn Location: 11:00

Clem - Winner!

  • Race: Terran Terran
  • Spawn Location: 5:00

Event: IEM Katowice 2024

VOD

Have the link to the VOD?

Description

Time

  • Played on: Feb. 10, 2024, 11:40 a.m.
  • Length: 21:33

All games in this series

Show
View Real Time Build Order
Export as new Build Order

Solar Zerg 

Build Orders: Hatch First, Lurkers 

Get SALT Encoding   

  12  0:00  Drone  
  13  0:12  Overlord  
  13  0:16  Drone  
  14  0:31  Drone x2  
  16  0:48  Hatchery  
  15  0:51  Drone  
  15  0:55  Drone  
  17  0:58  Drone  
  18  1:09  Extractor  
  17  1:12  Spawning Pool  
  17  1:16  Drone  
  17  1:19  Drone  
  18  1:27  Drone  
  19  1:38  Drone  
  20  1:50  Drone  
  21  1:59  Queen x2  
  21  2:00  Zergling x4  
  27  2:11  Zergling x2  
  27  2:13  Metabolic Boost, Overlord  
  28  2:32  Drone x2  
  28  2:33  Zergling x2  
  28  2:35  Queen  
  33  2:41  Overlord  
  33  2:45  Zergling x2  
  33  2:46  Drone  
  35  2:54  Drone  
  36  2:59  Drone  
  36  3:04  Drone x2  
  39  3:11  Zergling x4  
  41  3:15  Overlord  
  41  3:16  Hatchery  
  41  3:18  Queen  
  42  3:20  Drone  
  42  3:22  Drone  
  42  3:26  Overlord  
  44  3:34  Drone  
  44  3:37  Drone  
  46  3:43  Drone  
  46  3:47  Drone  
  46  3:48  Drone x5  
  51  3:49  Queen  
  51  3:54  Queen  
  55  3:58  Overlord  
  55  3:59  Drone  
  55  4:00  Extractor  
  55  4:07  Drone  
  56  4:13  Overlord  
  56  4:17  Drone  
  56  4:20  Drone x4  
  61  4:27  Queen x2  
  61  4:30  Drone  
  66  4:31  Zergling x8  
  66  4:37  Lair  
  72  4:38  Drone x2  
  72  4:41  Overlord  
  72  4:43  Spore Crawler  
  71  4:49  Baneling Nest  
  71  4:51  Drone  
  71  4:52  Drone x2  
  73  5:02  Drone x8  
  73  5:05  Queen  
  73  5:07  Overlord  
  83  5:11  Drone x3  
  83  5:13  Drone  
  87  5:16  Evolution Chamber  
  87  5:17  Extractor, Evolution Chamber  
  87  5:19  Extractor, Drone  
  87  5:20  Drone  
  85  5:24  Overlord  
  85  5:29  Drone x2  
  85  5:32  Baneling x4  
  85  5:33  Zergling x2  
  88  5:36  Overlord  
  88  5:37  Drone x2  
  88  5:38  Centrifugal Hooks  
  88  5:39  Zergling x8  
  94  5:44  Zergling x6  
  94  5:45  Baneling x3  
  94  5:48  Overlord  
  97  5:56  Drone x2  
  99  5:57  Drone  
  99  6:01  Zerg Ground Armor Level 1, Hatchery  
  99  6:03  Zerg Melee Weapons Level 1  
  99  6:04  Drone  
  99  6:06  Drone, Extractor  
  99  6:07  Drone  
  100  6:16  Zergling x16  
  107  6:20  Zergling x6  
  107  6:25  Drone  
  104  6:27  Drone  
  103  6:37  Overlord  
  103  6:39  Drone x2  
  104  6:40  Zergling x12  
  110  6:48  Baneling x2, Hydralisk Den  
  110  6:49  Drone x2  
  110  6:52  Overseer  
  110  6:54  Drone  
  112  6:58  Overlord  
  112  7:00  Zergling x2, Baneling x2  
  113  7:03  Drone  
  113  7:08  Extractor, Baneling x3  
  113  7:09  Baneling  
  113  7:10  Spore Crawler  
  113  7:11  Drone x2  
  113  7:12  Queen, Overlord  
  113  7:13  Drone x2  
  113  7:14  Drone  
  119  7:18  Zergling x8  
  119  7:20  Drone  
  123  7:22  Grooved Spines  
  123  7:23  Hydralisk x2  
  123  7:26  Drone x2  
  123  7:29  Drone x2  
  129  7:33  Baneling  
  129  7:34  Drone  
  130  7:37  Hydralisk x3  
  130  7:41  Overlord x2  
  130  7:42  Drone  
  137  7:46  Spore Crawler  
  137  7:47  Zergling x4  
  137  7:48  Zergling x2  
  137  7:49  Baneling x4  
  137  7:50  Drone  
  139  7:58  Zergling x16  
  136  8:00  Zerg Ground Armor Level 2  
  136  8:03  Zergling x2  
  136  8:10  Pneumatized Carapace  
  136  8:11  Hydralisk x3  
  134  8:14  Zergling x8  
  134  8:19  Overseer  
  131  8:23  Hydralisk x6  
  143  8:31  Drone x2, Muscular Augments  
  143  8:32  Drone, Extractor  
  145  8:34  Queen  
  145  8:37  Zergling x10  
  148  8:45  Hydralisk x3  
  148  8:47  Overlord  
  148  8:48  Baneling x5  
  154  8:53  Zergling x6  
  151  8:56  Infestation Pit  
  151  8:58  Zerg Melee Weapons Level 2  
  151  9:00  Queen  
  149  9:05  Zergling x16  
  136  9:12  Queen  
  136  9:14  Hydralisk x4  
  139  9:19  Zergling x10  
  139  9:20  Baneling x4  
  141  9:28  Extractor, Baneling x2  
  141  9:29  Baneling x5, Overlord x3  
  140  9:32  Zergling x6  
  140  9:34  Zergling x2  
  144  9:40  Zergling x8  
  148  9:46  Zergling x12  
  148  9:52  Hive  
  154  9:55  Zergling x8  
  155  10:00  Zergling x6  
  155  10:02  Hydralisk x3  
  154  10:10  Baneling x2  
  151  10:15  Zergling x10  
  151  10:16  Zerg Missile Weapons Level 1  
  150  10:23  Zergling x18  
  150  10:27  Overlord  
  150  10:28  Zergling x4  
  149  10:30  Overseer  
  149  10:33  Lurker Den  
  148  10:35  Hydralisk x2  
  148  10:37  Overlord  
  148  10:39  Baneling x2  
  152  10:44  Queen  
  152  10:48  Drone, Baneling x2  
  152  10:49  Zergling x6, Drone  
  149  10:58  Zergling x8  
  149  11:01  Zergling x2  
  149  11:02  Zergling x8  
  157  11:04  Viper x2  
  157  11:08  Overseer  
  157  11:09  Hydralisk x4  
  163  11:13  Zergling x4  
  163  11:14  Baneling x2  
  163  11:17  Hatchery  
  162  11:18  Zerg Ground Armor Level 3, Overlord  
  162  11:19  Adrenal Glands  
  158  11:25  Hydralisk x2  
  158  11:26  Zergling x2  
  158  11:27  Baneling x4  
  161  11:33  Drone x7  
  161  11:38  Seismic Spines  
  161  11:39  Lurker  
  169  11:40  Zergling x2, Lurker  
  169  11:45  Zergling x6  
  172  11:52  Overlord  
  172  11:53  Zergling x2  
  172  11:54  Overseer  
  157  11:56  Lurker  
  157  11:57  Queen  
  157  11:58  Drone x2  
  157  12:00  Lurker x2  
  163  12:02  Lurker  
  163  12:05  Zergling x16  
  163  12:07  Baneling x4  
  163  12:08  Baneling  
  172  12:09  Lurker  
  172  12:12  Overlord  
  172  12:13  Drone  
  172  12:15  Overseer  
  174  12:19  Zergling x10  
  177  12:22  Zergling x2  
  177  12:23  Zergling x4  
  177  12:28  Zergling x10, Baneling x2  
  181  12:35  Zergling x6  
  173  12:38  Baneling x3  
  173  12:45  Zergling x2  
  173  12:46  Zergling x8, Nydus Network  
  177  12:51  Baneling x23  
  177  12:55  Zergling x2  
  177  12:56  Zergling x6  
  181  13:01  Zergling x10  
  179  13:06  Zergling x2  
  179  13:10  Hydralisk x3  
  179  13:11  Overlord  
  179  13:12  Zergling x8  
  189  13:14  Zergling x6  
  189  13:16  Baneling x3  
  185  13:26  Nydus Canal  
  182  13:29  Zergling x14  
  182  13:33  Zergling x10  
  187  13:39  Hydralisk  
  183  13:46  Zergling x8  
  183  13:51  Baneling  
  183  13:52  Baneling x2  
  183  13:54  Zergling x4  
  183  13:55  Zergling x6, Baneling x4  
  188  13:56  Nydus Canal  
  188  14:00  Zergling x2  
  189  14:03  Zergling x2  
  189  14:04  Overseer x3  
  189  14:05  Overlord x2  
  189  14:06  Drone  
  191  14:10  Zergling x2  
  191  14:12  Hatchery  
  191  14:15  Hydralisk x3, Nydus Canal  
  196  14:17  Zerg Melee Weapons Level 3  
  196  14:21  Zergling x6  
  196  14:23  Baneling x2  
  196  14:24  Zergling x6  
  197  14:30  Zergling x6  
  199  14:38  Adaptive Talons  
  199  14:39  Zergling x2  
  199  14:40  Zergling x4  
  199  14:44  Hydralisk x5  
  200  14:48  Zergling x14  
  196  14:55  Burrow  
  196  14:56  Spore Crawler  
  196  14:57  Lurker x5  
  193  15:10  Zergling x20  
  198  15:17  Zergling x20  
  196  15:24  Drone  
  196  15:25  Drone x2  
  196  15:27  Drone  
  200  15:34  Baneling x3, Spore Crawler  
  200  15:35  Hatchery  
  198  15:41  Baneling x4  
  198  15:46  Overseer  
  197  15:53  Zergling x6  
  197  15:59  Zergling x4  
  193  16:06  Zergling x34  
  193  16:07  Nydus Canal  
  193  16:11  Baneling x16, Zerg Missile Weapons Level 2  
  199  16:32  Baneling  
  191  16:44  Zergling x24  
  191  16:46  Overseer  
  188  16:56  Zergling x26, Overseer  
  188  17:01  Hydralisk x3  
  188  17:02  Hydralisk  
  188  17:04  Zergling x10  
  185  17:08  Drone x4  
  185  17:09  Overseer  
  188  17:17  Nydus Canal  
  188  17:19  Baneling x2  
  188  17:20  Drone x2  
  188  17:21  Hydralisk x3  
  193  17:23  Overlord x2  
  193  17:27  Overlord  
  190  17:30  Zergling x10  
  190  17:33  Overlord x2  
  190  17:34  Overseer  
  190  17:35  Overseer  
  190  17:36  Overlord x2  
  188  17:38  Overlord  
  188  17:39  Overlord  
  184  17:45  Hydralisk x3  
  184  17:46  Zergling x12  
  184  17:48  Nydus Canal  
  184  17:50  Zergling x12  
  197  17:53  Overseer  
  197  17:54  Baneling x9  
  179  18:06  Infestor x3  
  179  18:10  Zergling x18  
  186  18:17  Hydralisk  
  186  18:18  Hydralisk x2  
  178  18:22  Zergling x2  
  178  18:23  Zergling x14  
  184  18:27  Zergling x8  
  184  18:28  Nydus Canal  
  184  18:30  Overseer  
  187  18:36  Baneling x6  
  187  18:40  Zergling x18  
  187  18:41  Zergling x2  
  197  18:46  Overseer  
  197  18:47  Zergling x6  
  200  18:59  Hydralisk  
  196  19:06  Zergling x14  
  196  19:07  Zergling x2  
  199  19:12  Viper x2  
  199  19:15  Hydralisk x2  
  199  19:16  Zergling x8  
  199  19:18  Infestor  
  199  19:23  Zergling x32  
  194  19:33  Hydralisk x4  
  194  19:36  Zergling x6  
  185  19:39  Hydralisk x3  
  185  19:43  Zergling x4  
  186  19:47  Zergling x6  
  186  19:50  Baneling x5  
  174  19:59  Hydralisk x6  
  174  20:09  Zergling x2, Baneling x2  
  174  20:10  Zergling x2, Infestor  
  174  20:12  Hatchery  
  174  20:13  Infestor  
  174  20:14  Infestor  
  175  20:16  Infestor  
  178  20:22  Hydralisk x2  
  178  20:27  Hydralisk x21  
  180  20:31  Hydralisk x5  
  180  20:35  Baneling x6  
  181  20:37  Zergling x4, Baneling x10  
  156  20:50  Zergling x8  
  156  20:51  Zergling x10  
  156  20:52  Zergling x16  
  156  20:53  Zergling x4  
  156  20:56  Zergling x2, Overseer  
  164  21:04  Hydralisk x3  
  138  21:10  Overlord  
  146  21:12  Zergling x2  
  146  21:13  Zergling x2  
Show
View Real Time Build Order
Export as new Build Order

Clem Terran - Winner!

Build Orders:  

Get SALT Encoding   

  12  0:00  SCV  
  13  0:12  SCV  
  14  0:20  Supply Depot  
  14  0:24  SCV  
  15  0:41  SCV  
  16  0:43  Barracks  
  16  0:45  Refinery  
  16  0:54  SCV  
  17  1:01  Barracks  
  17  1:06  SCV  
  18  1:18  SCV  
  19  1:29  Reaper  
  19  1:30  Orbital Command  
  20  1:33  Supply Depot  
  20  1:48  Reaper  
  21  1:55  SCV  
  22  2:04  Reaper  
  22  2:07  SCV  
  24  2:10  Command Center  
  24  2:15  Refinery  
  24  2:19  SCV  
  26  2:31  SCV  
  27  2:43  Factory  
  27  2:44  SCV  
  27  2:51  Barracks Reactor  
  27  2:55  Command Center  
  27  2:57  SCV  
  28  3:06  Barracks Tech Lab  
  28  3:10  SCV  
  29  3:23  Orbital Command  
  29  3:24  SCV  
  30  3:32  Stimpack, Marine  
  31  3:35  Barracks Reactor, Hellion  
  31  3:37  SCV  
  36  3:48  Hellion  
  36  3:49  SCV  
  36  3:50  SCV  
  36  3:53  Starport  
  36  3:54  Marine  
  39  3:59  Hellion  
  39  4:01  SCV  
  39  4:02  SCV  
  43  4:07  Orbital Command  
  45  4:10  Hellion  
  45  4:12  Marine x2  
  45  4:14  SCV  
  45  4:16  Marine  
  49  4:19  SCV  
  52  4:26  SCV  
  52  4:30  Supply Depot  
  53  4:31  SCV  
  53  4:34  Marine x3, SCV  
  53  4:38  SCV  
  57  4:43  Factory Reactor, SCV  
  58  4:46  SCV  
  58  4:49  Supply Depot  
  58  4:50  Medivac  
  58  4:51  Medivac  
  58  4:52  Marine x2, SCV  
  66  4:55  SCV  
  66  4:56  Marine, Engineering Bay  
  68  5:01  SCV  
  68  5:02  Engineering Bay  
  69  5:09  Refinery  
  69  5:11  SCV x2, Marine  
  69  5:12  Refinery  
  72  5:14  Supply Depot  
  72  5:15  Marine  
  72  5:16  Orbital Command, Combat Shield, Marine  
  74  5:22  Widow Mine  
  74  5:23  SCV  
  77  5:29  Barracks  
  77  5:33  Supply Depot  
  77  5:35  Marine x2  
  77  5:36  Widow Mine, SCV x2  
  77  5:41  Marine  
  84  5:44  SCV  
  84  5:46  Terran Infantry Weapons Level 1  
  84  5:47  Terran Infantry Armor Level 1, Supply Depot  
  85  5:51  Supply Depot  
  85  5:54  SCV x2, Marine  
  85  5:57  Widow Mine, Marine  
  90  5:58  SCV  
  92  6:06  SCV  
  92  6:07  Supply Depot  
  92  6:09  Widow Mine, Marine, SCV  
  92  6:10  SCV  
  98  6:12  Marine  
  98  6:15  Medivac  
  101  6:18  Barracks Reactor  
  101  6:19  SCV  
  101  6:21  SCV  
  101  6:22  Marine  
  101  6:23  SCV  
  105  6:27  Marine  
  105  6:31  SCV  
  103  6:33  SCV  
  103  6:34  Widow Mine x2  
  103  6:35  Marine, SCV  
  110  6:40  Marine  
  110  6:42  Medivac  
  110  6:43  SCV  
  110  6:45  SCV, Marine  
  110  6:46  Factory  
  110  6:47  SCV  
  110  6:49  Barracks  
  110  6:50  Barracks, Medivac, Supply Depot  
  110  6:53  Marine  
  110  6:54  Refinery  
  112  6:55  SCV, Supply Depot  
  112  6:56  Marine x2  
  112  6:58  Marine  
  116  7:02  Marine  
  116  7:04  Sensor Tower  
  117  7:09  Armory  
  117  7:11  Marine  
  117  7:12  Widow Mine x2, SCV x2  
  117  7:13  Marine  
  125  7:16  SCV, Marine x2  
  125  7:18  Supply Depot  
  125  7:19  Medivac  
  125  7:20  Medivac  
  125  7:22  Marine  
  133  7:24  Supply Depot  
  133  7:28  Supply Depot  
  133  7:30  Factory Tech Lab  
  133  7:37  Command Center  
  133  7:39  SCV, Marine x4  
  133  7:41  Barracks Reactor, Supply Depot  
  133  7:42  Barracks Reactor  
  133  7:44  Widow Mine  
  140  7:45  Supply Depot  
  140  7:47  Widow Mine, Supply Depot  
  140  7:49  Medivac  
  144  7:55  Marine  
  138  8:02  Widow Mine  
  138  8:04  Medivac  
  138  8:05  Widow Mine, Marine x2  
  142  8:06  Marine x2  
  141  8:13  Marine  
  141  8:16  Widow Mine  
  141  8:19  Medivac  
  146  8:20  Marine x3  
  146  8:23  Supply Depot, Widow Mine, SCV x3, Marine x2, Drilling Claws  
  146  8:24  Marine  
  157  8:28  Marine x2, Widow Mine, Refinery  
  159  8:34  Barracks  
  159  8:35  Barracks  
  159  8:37  Barracks  
  159  8:39  Terran Infantry Weapons Level 2  
  159  8:41  SCV x3  
  162  8:45  Marine x5  
  162  8:47  Marine  
  168  8:53  SCV x2  
  168  8:55  Marine  
  168  8:58  Widow Mine  
  168  9:07  Marine x3  
  168  9:08  Marine x2  
  168  9:09  Widow Mine, Marine x2  
  160  9:10  Medivac  
  160  9:13  SCV x2  
  160  9:15  SCV  
  165  9:19  Marine  
  164  9:25  Barracks Tech Lab, Marine  
  164  9:26  Barracks Tech Lab  
  164  9:28  Planetary Fortress  
  164  9:31  SCV  
  165  9:32  Marauder, Marine x2  
  165  9:35  Marine  
  165  9:36  Marine, Widow Mine  
  165  9:37  Marine x2  
  174  9:39  Terran Vehicle And Ship Armor Level 1  
  174  9:41  Command Center, Widow Mine  
  176  9:47  Widow Mine  
  176  9:48  Barracks Tech Lab, Marine x2  
  176  9:49  Terran Infantry Armor Level 2  
  176  9:51  SCV  
  176  9:52  SCV  
  182  9:53  Marauder  
  182  9:56  Marine  
  182  9:57  Widow Mine  
  182  9:58  Marine x3  
  188  10:01  Marine x3  
  188  10:02  SCV  
  188  10:04  SCV  
  183  10:07  SCV  
  183  10:15  Widow Mine  
  183  10:16  Widow Mine  
  183  10:19  Marine  
  188  10:21  Widow Mine  
  188  10:23  Marine x2  
  188  10:28  Marine x2  
  173  10:30  Marauder x2, Marine x4  
  179  10:37  Widow Mine x2  
  179  10:38  Marauder, Marine, Ghost Academy  
  179  10:40  SCV  
  179  10:41  SCV  
  190  10:43  Widow Mine  
  190  10:44  Marine  
  190  10:45  Command Center  
  190  10:46  Marine x3  
  190  10:48  SCV  
  190  10:49  Marauder  
  196  10:50  Marine x2  
  196  10:51  Marauder  
  193  10:58  Widow Mine  
  193  10:59  Widow Mine  
  193  11:00  Marauder  
  193  11:03  Marine, Medivac  
  198  11:04  Widow Mine  
  198  11:05  Marine  
  198  11:08  Ghost, Marine  
  198  11:09  Planetary Fortress  
  195  11:12  Marine  
  195  11:13  Medivac  
  195  11:14  Marine  
  195  11:16  Marine  
  195  11:18  Command Center  
  192  11:19  Widow Mine  
  192  11:20  Marine x2  
  192  11:21  Marauder, Marine x2  
  192  11:23  Marine  
  192  11:24  Widow Mine, Marine  
  198  11:26  Marine  
  198  11:29  Concussive Shells  
  198  11:30  Marine  
  198  11:32  Marine  
  200  11:35  Refinery  
  200  11:42  Command Center  
  200  11:44  Command Center, Marine  
  200  11:47  Marine  
  200  11:51  Widow Mine, Marine x2  
  186  11:54  Ghost  
  186  11:56  SCV  
  186  11:57  Orbital Command  
  186  11:58  Command Center  
  186  12:00  Marine x2, Widow Mine  
  188  12:02  Marine x2  
  188  12:03  Marine  
  188  12:04  Widow Mine  
  188  12:06  Terran Infantry Armor Level 3, Terran Infantry Weapons Level 3  
  188  12:08  Terran Vehicle And Ship Armor Level 2  
  193  12:09  Ghost  
  193  12:13  Widow Mine  
  197  12:16  Missile Turret  
  197  12:17  Missile Turret  
  197  12:21  Widow Mine  
  199  12:27  Command Center  
  199  12:35  Medivac  
  186  12:38  Widow Mine  
  186  12:39  Marine x2  
  186  12:40  Marine  
  186  12:42  Marine x3, Medivac, Widow Mine  
  186  12:43  Widow Mine  
  186  12:44  Marauder  
  200  12:46  Planetary Fortress  
  198  12:57  Ghost  
  200  12:58  Command Center  
  200  12:59  Barracks  
  200  13:00  Barracks x2  
  200  13:04  Marine  
  200  13:07  Marine x2  
  200  13:10  Widow Mine x2  
  200  13:12  Widow Mine  
  199  13:13  Marine  
  199  13:16  Orbital Command  
  199  13:17  Marine x2  
  195  13:21  Ghost, Medivac x2  
  195  13:22  Ghost x2, Marine  
  200  13:30  Missile Turret  
  175  13:35  Widow Mine  
  175  13:36  Marauder, Marine x2  
  175  13:38  Marine  
  175  13:41  Marine x3  
  175  13:43  Marine x2  
  175  13:48  Orbital Command  
  174  13:51  Barracks Reactor, Barracks Tech Lab x2, Medivac, Marauder x3  
  174  13:54  Widow Mine, Marine x2  
  182  13:55  Marine  
  182  13:57  Marauder  
  182  14:00  Widow Mine x2  
  189  14:05  Starport  
  189  14:12  Marauder x2  
  189  14:13  Ghost  
  189  14:14  Orbital Command  
  189  14:15  Missile Turret, Widow Mine  
  189  14:16  Supply Depot  
  197  14:18  Supply Depot, Marine x2  
  197  14:19  Marine  
  197  14:20  Marine  
  199  14:25  Fusion Core  
  199  14:30  Ghost  
  199  14:31  Marine  
  199  14:40  Ghost  
  199  14:44  Ghost  
  188  14:46  Ghost  
  188  14:50  Medivac x2  
  188  14:51  Widow Mine  
  188  14:52  Missile Turret  
  193  14:54  Widow Mine, Marine x4  
  193  14:59  Missile Turret  
  199  15:01  Missile Turret  
  196  15:08  Widow Mine  
  196  15:09  Ghost  
  196  15:12  Starport Reactor  
  197  15:15  Ghost  
  197  15:17  Marine  
  197  15:20  Widow Mine x2, Marine x5, Medivac x2  
  197  15:21  Marine x2  
  196  15:22  Ghost  
  199  15:30  Command Center  
  199  15:31  Refinery  
  199  15:32  Marine  
  199  15:33  Sensor Tower  
  199  15:35  Orbital Command  
  200  15:38  Missile Turret  
  200  15:40  Refinery  
  200  15:55  Command Center  
  200  16:00  Medivac, Widow Mine  
  200  16:04  Ghost, Widow Mine, Marine x2  
  192  16:05  Marine  
  192  16:06  Ghost  
  192  16:10  Advanced Ballistics, Terran Vehicle And Ship Armor Level 3  
  195  16:13  Personal Cloaking  
  195  16:14  Orbital Command x2  
  193  16:20  Widow Mine, Marine x2  
  193  16:21  Marine  
  193  16:25  Widow Mine, Marine x2  
  200  16:27  Refinery  
  200  16:28  Missile Turret  
  200  16:30  Sensor Tower, Refinery  
  200  16:32  Refinery x2  
  199  16:50  Marine  
  199  16:53  Ghost  
  192  16:54  Ghost x2  
  196  17:02  Widow Mine  
  196  17:07  Ghost  
  199  17:22  Caduceus Reactor  
  199  17:26  Marauder, Marine  
  199  17:31  Orbital Command, Marauder  
  199  17:32  Orbital Command  
  199  17:33  Widow Mine  
  199  17:35  Marine, Widow Mine  
  199  17:36  Marauder  
  199  17:37  Marine x2  
  198  17:43  Widow Mine  
  200  18:01  Medivac  
  200  18:04  Ghost  
  194  18:06  Ghost  
  194  18:11  Liberator x2  
  196  18:14  Ghost  
  196  18:18  Liberator  
  196  18:19  Ghost  
  194  18:20  Marine  
  194  18:22  Widow Mine, Marine  
  200  18:34  Hi-Sec Auto Tracking, Neosteel Armor, Starport  
  200  18:43  Sensor Tower  
  200  18:53  Missile Turret  
  200  18:55  Missile Turret  
  197  19:10  Liberator, Widow Mine  
  197  19:13  Ghost  
  200  19:22  Ghost x2  
  185  19:24  Widow Mine  
  185  19:27  Liberator x2  
  185  19:28  Liberator  
  185  19:30  Widow Mine  
  192  19:32  Ghost  
  192  19:37  Ghost, Marine x3  
  192  19:38  Marine  
  189  19:42  Liberator  
  189  19:44  Marine  
  192  19:45  Refinery  
  192  19:49  Refinery  
  191  19:53  Liberator  
  191  19:57  Marine x2  
  191  19:58  Marine  
  184  20:03  Widow Mine  
  184  20:04  Marine  
  185  20:07  Marine  
  185  20:10  Marine x2, Medivac  
  185  20:12  Widow Mine  
  185  20:13  Refinery  
  185  20:14  Refinery  
  192  20:17  Marine, Marauder  
  195  20:27  Widow Mine, Marine  
  196  20:30  Widow Mine, Marine x2  
  187  20:52  Medivac  
  187  20:56  Marine  
  187  21:00  Marine  
  187  21:01  Marine x2  
  175  21:04  Marine x2  
  175  21:05  Marauder  
  175  21:06  Marine, Widow Mine  
  175  21:07  Marine  
  175  21:10  Marine x4  
  180  21:14  Marine x2  

Tags
 
Add a new tag
Caveats
  • Supply blocks, unpowered buildings, or Contaminate may cause inaccurate times.
  • Supply counts are checked every 10 seconds.